AoeStats
← tonytctang

African Clearing

504946758Analyzed
4v4 RM · 25d ago on Sep 7, 2026· 43m 18s· 8 players
Game mode
Random Map
Map size
Large (8 player)
Population
200
Speed
Normal
Resources
Standard
Victory
Conquest
Starting age
Dark Age
Ending age
Imperial Age
RankedLock teamsTeams togetherTeam positionsShared explorationLock speedFull tech treeHidden civsTurbo modeCheats
Victory
Defeat
🇨🇱 Malians · Chile
1107
+15
🇺🇸 Mongols · United States
1105
+15
🇨🇱 Dravidians · Chile
1089
+16
🇺🇸 Magyars · United States
1054
+19
🇭🇰 Berbers · Hong Kong SAR China
1111
-17
🇭🇰 Vietnamese · Hong Kong SAR China
1098
-16
🇨🇳 Franks · China
1081
-16
🇨🇳 Huns · China
1081
-16
雨落
13:23 Feudal Age
17:36 Castle Age
15:45 Double-Bit Axe
19:12 Bow Saw
25:55 Loom
27:17 Scale Barding Armor
30:35 Husbandry
31:11 Stone Mining
38:34 Wheelbarrow
38:51 Chain Barding Armor
39:26 Forging
kit7292001
3:48 Loom
5:29 Loom
15:22 Feudal Age
22:01 Castle Age
20:18 Stone Mining
21:16 Double-Bit Axe
21:32 Gold Mining
22:06 Pikeman
24:23 Bloodlines
31:43 Fletching
38:55 Imperial Age
37:45 Wheelbarrow
39:23 Bodkin Arrow
39:34 Scale Barding Armor
39:59 Husbandry
40:03 Padded Archer Armor
39:45 Elite Camel Archer
41:07 Elite Skirmisher
tonytctang
6:36 Loom
13:21 Feudal Age
14:57 Double-Bit Axe
16:38 Horse Collar
25:29 Castle Age
26:55 Wheelbarrow
26:05 Town Watch
26:41 Bow Saw
29:41 Thumb Ring
29:29 Gold Mining
30:11 Fletching
31:21 Fishing Lines
31:46 Stone Mining
37:22 Imperial Age
36:18 Hand Cart
36:56 Crossbowman
38:19 Stone Shaft Mining
38:39 Heavy Plow
39:56 Bodkin Arrow
40:03 Padded Archer Armor
40:43 Arbalester
嬴政1号
13:10 Feudal Age
17:15 Castle Age
17:05 Loom
40:29 Horse Collar
41:16 Double-Bit Axe
S1lv3r81
13:29 Feudal Age
11:49 Loom
13:35 Feudal Age
21:07 Castle Age
36:32 Town Watch
37:49 Padded Archer Armor
38:26 Ballistics
39:00 Elite Skirmisher
45:34 Imperial Age
rambo
11:34 Loom
13:20 Feudal Age
18:52 Castle Age
19:04 Bloodlines
36:51 Double-Bit Axe
39:43 Fletching
39:53 Padded Archer Armor
41:45 Gold Mining
41:48 Stone Mining
42:20 Bow Saw
Sabellinho
11:54 Feudal Age
19:14 Castle Age
17:21 Fletching
17:56 Gold Mining
18:31 Double-Bit Axe
21:04 Bodkin Arrow
23:24 Wheelbarrow
24:28 Horse Collar
24:27 Man-at-Arms
24:48 Elite Skirmisher
26:47 Heavy Plow
27:19 Long Swordsman
28:36 Hand Cart
29:03 Padded Archer Armor
31:20 Ballistics
31:52 Bow Saw
36:06 Imperial Age
33:57 Scale Mail Armor
35:00 Stone Mining
35:55 Chain Mail Armor
35:33 Gambesons
36:02 Forging
35:39 Pikeman
37:00 Leather Archer Armor
36:10 Two-Handed Swordsman
36:35 Elite Elephant Archer
38:02 Bracer
40:06 Halberdier
42:37 Plate Mail Armor
43:35 Ring Archer Armor
44:29 Iron Casting
Long Live Beard
3:41 Loom
14:51 Feudal Age
18:26 Castle Age
16:21 Stone Mining
17:37 Double-Bit Axe
17:35 Horse Collar
24:48 Scale Mail Armor
25:40 Forging
30:05 Wheelbarrow
29:16 Town Watch
31:29 Bow Saw
31:20 Heavy Plow
33:12 Chain Mail Armor
33:33 Iron Casting
37:56 Imperial Age
36:06 Tigui
36:00 Treadmill Crane
37:17 Iron Casting
37:47 Fletching
39:11 Conscription
39:32 Plate Mail Armor
39:09 Squires
40:22 Conscription
39:27 Pikeman
40:23 Bodkin Arrow
41:03 Elite Gbeto
42:45 Man-at-Arms
44:05 Crop Rotation
Connection lost

Rejoining the realm…

Still unreachable

The connection could not be restored.

Session expired

The server has moved on; the page needs a fresh start.